 Dungeon Sprint DCSS version 0.22-b1-21-g5cfc168 (webtiles) character file.

18596 tyranidshit the Warrior (level 12, -13/115 HPs)
             Began as a Minotaur Berserker on Aug 3, 2018.
             Was the Champion of Trog.
             Killed from afar by Nergalle (19 damage)
             ... with a bolt of negative energy
             ... in the Dungeon (Sprint IX: "|||||||||||||||||||||||||||||").
             The game lasted 00:09:56 (1348 turns).

tyranidshit the Warrior (Minotaur Berserker)        Turns: 1348, Time: 00:09:57

Health: -13/115    AC: 29    Str: 26    XL:     12   Next: 29%
Magic:  11/11      EV: 14    Int:  4    God:    Trog [******]
Gold:   1713       SH:  0    Dex: 11    Spells: 11/11 levels left

rFire    + . .     SeeInvis .   s - +6 battleaxe of Perversion {flame, +Fly MR+}
rCold    + . .     Gourm    .   (shield currently unavailable)
rNeg     . . .     Faith    .   A - +2 plate armour
rPois    +         Spirit   .   (helmet restricted)
rElec    +         Reflect  .   z - +1 cloak
rCorr    +         Harm     .   n - +0 pair of gloves
MR       +++..     NoTele   +   (no boots)
Stlth    ..........             (no amulet)
HPRegen  1.29/turn              u - +3 ring of protection
MPRegen  0.12/turn              l - +2 ring of protection

@: lethally poisoned (-13 -> -14), resistant, regenerating, drained
A: retaliatory headbutt, horns 2, frail 1
a: Berserk, Trog's Hand, Brothers in Arms, Renounce Religion, Evoke Flight


You were in the Dungeon.
You worshipped Trog.
Trog was exalted by your worship.
You were not hungry.

You visited 1 branch You collected 1923 gold pieces.
You spent 210 gold pieces at shops.

Inventory:

Hand Weapons
 p - the +1 broad axe of the Apocalypse {flame, rPois Str+3 Dex-2}
   (You found it in the Dungeon)

   It has been specially enchanted to burn those struck by it, causing extra
   injury to most foes and up to half again as much damage against particularly
   susceptible opponents.
   Big, fiery blades are also staple armaments of hydra-hunters.
   It affects your strength (+3).
   It affects your dexterity (-2).
   It protects you from poison.
 s - the +6 battleaxe of Perversion (weapon) {flame, +Fly MR+}
   (Trog gifted it to you in the Dungeon)

   It has been specially enchanted to burn those struck by it, causing extra
   injury to most foes and up to half again as much damage against particularly
   susceptible opponents.
   Big, fiery blades are also staple armaments of hydra-hunters.
   It affects your resistance to hostile enchantments.
   It lets you fly.
Armour
 n - a +0 pair of gloves (worn)
 o - a +1 chain mail
 w - a +0 leather armour
 x - a +0 plate armour
 z - a +1 cloak (worn)
 A - a +2 plate armour (worn)
Jewellery
 c - an uncursed ring of protection from fire
 l - a +2 ring of protection (right hand)
 m - a +3 ring of strength
 u - a +3 ring of protection (left hand)
 y - an uncursed ring of protection from cold
Wands
 k - a wand of iceblast (10)
 t - a wand of paralysis (13)
Scrolls
 i - 5 scrolls of blinking
 j - 5 scrolls of remove curse
 q - 2 scrolls of fear
 r - a scroll of fog
 D - 2 scrolls of enchant weapon
Potions
 a - a potion of resistance
 b - 4 potions of agility
 d - 6 potions of curing
 e - 3 potions of heal wounds
 f - a potion of invisibility
 g - 4 potions of magic
 h - 2 potions of berserk rage
 B - a potion of brilliance
 C - a potion of haste
Comestibles
 v - 8 rations


   Skills:
 + Level 18.5(17.0) Fighting
 + Level 18.2(16.7) Axes
 + Level 18.0(16.6) Armour
 + Level 16.7(15.3) Dodging


You had 11 spell levels left.
You didn't know any spells.
Your spell library was empty.

Dungeon Overview and Level Annotations

Branches:
Dungeon (1/1)

Altars:
Cheibriados
Dithmenos
Elyvilon
Fedhas
Gozag
Hepliaklqana
Kikubaaqudgha
Makhleb
Nemelex Xobeh
Okawaru
Qazlal
Ru
Sif Muna
Trog
Uskayaw
Vehumet
Wu Jian
Xom
Yredelemnul
Zin
The Shining One
Beogh
Jiyva
Lugonu

Shops:
D (=((

Annotations:
D Nergalle


Innate Abilities, Weirdness & Mutations

You reflexively headbutt those who attack you in melee.
You have a pair of horns on your head.
You are frail. (-10% HP)


Message History

You feel sick.
You feel sick.
You feel sick.
You feel sick.
You feel sick.
You feel protected.
Unknown command.
Your skin crawls.
You feel resistant to hostile enchantments.
You feel somewhat more hungry.
You feel sick.
Nergalle the Soulbinder comes into view.
She is wielding a dagger of draining.
You feel sick.
Nergalle shouts!
Nergalle casts a spell at you. The bolt of negative energy hits you!
You feel drained.
* * * LOW HITPOINT WARNING * * *
Nergalle points at you and mumbles some strange words.
The bolt of negative energy hits you!
You feel drained.
You die...

▓'▓.▓.▓.▓.▓.▓.▓
▓.▓=▓.▓.▓.▓.▓.▓†▓
▓.▓=▓.▓.▓.▓.▓.▓†▓
▓.▓.▓.▓.▓.▓.▓.▓.▓
▓.▓=▓.▓)▓.▓(▓.▓.▓
▓.▓.▓.▓†▓.▓.▓.▓.▓
▓o▓)▓.▓)▓.▓.▓.▓.▓
▓.▓)▓.▓†▓.▓.▓.▓'▓
▓@▓)▓.▓)▓.▓.▓.▓_▓
▓.▓)▓.▓)▓.▓.▓.▓_▓
▓.▓)▓.▓.▓.▓.▓.▓_▓
▓.▓)▓.▓.▓.▓.▓.▓_▓
▓.▓)▓.▓)▓.▓†▓.▓_▓
▓.▓)▓.▓.▓.▓.▓.▓_▓
▓.▓.▓.▓.▓.▓.▓.▓_▓
▓.▓[▓.▓.▓.▓.▓.▓_▓
▓.▓[▓.▓.▓.▓.▓.▓_▓


You could see Nergalle.

Vanquished Creatures
  Frances (D)
  A very ugly thing (D)
  A stone giant (D)
  2 hydras (D)
  A rakshasa (D)
  A deep troll earth mage (D)
  An orc knight (D)
  8 orc sorcerers (D)
  A manticore (D)
  Joseph (D)
  A kobold demonologist (D)
  A tengu conjurer (D)
  3 komodo dragons (D)
  A hornet (D)
  2 hippogriffs (D)
  A wyvern (D)
  2 yaks (D)
  3 wargs (D)
  3 hell hounds (D)
  2 porcupines (D)
  7 water moccasins (D)
  10 orc warriors (D)
  2 ice beasts (D)
  A sky beast (D)
  An ogre (D)
  A centaur (D)
  2 wolves (D)
  2 crocodiles (D)
  4 bullfrogs (D)
  A scorpion (D)
  A quasit (D)
  A jelly (D)
  2 orc priests (D)
  A worker ant (D)
  10 orc wizards (D)
  A leopard gecko (D)
  7 orcs (D)
  A bat zombie (D)
  A quokka (D)
  A frilled lizard (D)
  2 kobolds (D)
  A rat (D)
97 creatures vanquished.

Vanquished Creatures (collateral kills)
  A stone giant (D)
  An ettin (D)
  A hydra (D)
  A deep troll shaman (D)
  A bullfrog (D)
  A bat skeleton (D)
6 creatures vanquished.

Grand Total: 103 creatures vanquished

Notes
Turn   | Place    | Note
-------+----------+-------------------------------------------
     0 | D        | tyranidshit the Minotaur Berserker began the quest for the Orb.
     0 | D        | Reached XP level 1. HP: 19/19 MP: 0/0
     9 | D        | Reached ** piety under Trog
    11 | D        | Reached skill level 5 in Fighting
    20 | D        | Noticed a jelly
    20 | D        | Noticed a sky beast
    20 | D        | Noticed a scorpion
    20 | D        | Noticed an ice beast
    24 | D        | Killed a jelly
    24 | D        | Reached *** piety under Trog
    24 | D        | Reached XP level 2. HP: 31/31 MP: 1/1
    24 | D        | Reached XP level 3. HP: 38/38 MP: 2/2
    28 | D        | Killed a sky beast
    28 | D        | Reached skill level 5 in Armour
    28 | D        | Reached skill level 5 in Dodging
    28 | D        | Reached XP level 4. HP: 48/48 MP: 3/3
    31 | D        | Reached XP level 5. HP: 55/55 MP: 4/4
    34 | D        | Killed an ice beast
    40 | D        | Found a roughly hewn altar of Beogh.
    40 | D        | Found a snail-covered altar of Cheibriados.
    40 | D        | Found a shadowy altar of Dithmenos.
    40 | D        | Found a white marble altar of Elyvilon.
    40 | D        | Found a blossoming altar of Fedhas.
    40 | D        | Found an opulent altar of Gozag.
    41 | D        | Found a hazy altar of Hepliaklqana.
    42 | D        | Found a viscous altar of Jiyva.
    43 | D        | Found an ancient bone altar of Kikubaaqudgha.
    44 | D        | Found a corrupted altar of Lugonu.
    45 | D        | Found a burning altar of Makhleb.
    46 | D        | Found a sparkling altar of Nemelex Xobeh.
    47 | D        | Found an iron altar of Okawaru.
    48 | D        | Found a stormy altar of Qazlal.
    49 | D        | Found a sacrificial altar of Ru.
    50 | D        | Found a deep blue altar of Sif Muna.
    51 | D        | Found a bloodstained altar of Trog.
    52 | D        | Found a hide-covered altar of Uskayaw.
    53 | D        | Found a radiant altar of Vehumet.
    54 | D        | Found an ornate altar of the Wu Jian Council.
    55 | D        | Found a shimmering altar of Xom.
    56 | D        | Found a basalt altar of Yredelemnul.
    57 | D        | Found a glowing silver altar of Zin.
    58 | D        | Found a glowing golden altar of the Shining One.
   110 | D        | Got the +1 broad axe of the Apocalypse {flame, rPois Str+3 Dex-2}
   119 | D        | Noticed an ice beast
   119 | D        | Noticed a water moccasin
   119 | D        | Noticed a centaur
   119 | D        | Noticed an ogre
   122 | D        | Killed an ice beast
   122 | D        | Reached **** piety under Trog
   122 | D        | Reached XP level 6. HP: 65/66 MP: 5/5
   124 | D        | Killed a water moccasin
   124 | D        | Reached skill level 10 in Fighting
   126 | D        | Reached XP level 7. HP: 73/73 MP: 6/6
   130 | D        | Reached ***** piety under Trog
   132 | D        | Reached skill level 10 in Axes
   152 | D        | Noticed a komodo dragon
   152 | D        | Noticed a hippogriff
   152 | D        | Noticed a five-headed hydra
   156 | D        | Reached skill level 10 in Armour
   163 | D        | Killed a komodo dragon
   163 | D        | Reached XP level 8. HP: 58/82 MP: 7/7
   167 | D        | Killed a hippogriff
   167 | D        | Received a gift from Trog
   167 | D        | Reached skill level 10 in Dodging
   176 | D        | Killed a four-headed hydra
   309 | D        | Noticed a six-headed hydra
   309 | D        | Noticed a seven-headed hydra
   314 | D        | Killed a three-headed hydra
   314 | D        | Reached XP level 9. HP: 93/93 MP: 8/8
   317 | D        | Killed a five-headed hydra
   317 | D        | Noticed a komodo dragon
   319 | D        | Received a gift from Trog
   323 | D        | Noticed a komodo dragon
   335 | D        | Killed a komodo dragon
   341 | D        | Killed a komodo dragon
   341 | D        | Reached XP level 10. HP: 98/104 MP: 9/9
   348 | D        | Got a faintly glowing battleaxe {god gift}
   349 | D        | Identified the +6 battleaxe of Perversion {flame, +Fly MR+} (Trog gifted it to you in the Dungeon)
   384 | D        | Received a gift from Trog
   444 | D        | Reached skill level 15 in Fighting
   449 | D        | Reached ****** piety under Trog
   449 | D        | Received a gift from Trog
   540 | D        | Noticed Joseph
   548 | D        | Killed Joseph
   616 | D        | Received a gift from Trog
   618 | D        | Reached skill level 15 in Axes
   722 | D        | Received a gift from Trog
   727 | D        | Noticed an orc knight
   727 | D        | Reached skill level 15 in Armour
   732 | D        | Noticed an orc sorcerer
   733 | D        | Noticed a smoke demon
   736 | D        | Killed an orc knight
   740 | D        | Noticed a sun demon
   746 | D        | Noticed a sixfirhy
   749 | D        | Killed an orc sorcerer
   749 | D        | Received a gift from Trog
   749 | D        | Reached XP level 11. HP: 43/114 MP: 10/10
   829 | D        | Found Quceukypn's Antique Weapon Emporium.
   829 | D        | Noticed an orc sorcerer
   829 | D        | Noticed an orc sorcerer
   829 | D        | Noticed an orc sorcerer
   830 | D        | Noticed an orc sorcerer
   835 | D        | Killed an orc sorcerer
   836 | D        | Found Telycs Yriku's Jewellery Shoppe.
   837 | D        | Killed an orc sorcerer
   837 | D        | Received a gift from Trog
   840 | D        | Killed an orc sorcerer
   843 | D        | Found Himoic's Weapon Emporium.
   848 | D        | Killed an orc sorcerer
   849 | D        | Received a gift from Trog
   854 | D        | Found Mullap's Weapon Shoppe.
   856 | D        | Noticed an orc sorcerer
   857 | D        | Noticed an orc sorcerer
   862 | D        | Killed an orc sorcerer
   862 | D        | Gained mutation: You are frail. (-10% HP) [a neqoxec]
   864 | D        | Noticed an orc sorcerer
   872 | D        | Killed an orc sorcerer
   872 | D        | Received a gift from Trog
   872 | D        | Reached skill level 15 in Dodging
   875 | D        | Killed an orc sorcerer
   886 | D        | Bought a +3 ring of protection for 210 gold pieces
  1148 | D        | Noticed a cyan very ugly thing
  1156 | D        | Noticed a deep troll earth mage
  1157 | D        | Received a gift from Trog
  1165 | D        | Noticed a stone giant
  1166 | D        | Killed a cyan very ugly thing
  1167 | D        | Noticed an ettin
  1172 | D        | Killed a deep troll earth mage
  1173 | D        | Noticed a deep troll shaman
  1178 | D        | Killed a stone giant
  1182 | D        | Killed an ettin
  1182 | D        | Received a gift from Trog
  1183 | D        | Killed a deep troll shaman
  1194 | D        | Noticed a stone giant
  1197 | D        | Noticed a rakshasa
  1203 | D        | Killed a stone giant
  1203 | D        | Reached XP level 12. HP: 74/114 MP: 11/11
  1234 | D        | Killed a rakshasa
  1290 | D        | Noticed Frances
  1306 | D        | Killed Frances
  1306 | D        | Received a gift from Trog
  1345 | D        | Noticed Nergalle
  1346 | D        | HP: 4/115 [Nergalle/bolt of negative energy (14)]
  1348 | D        | Killed from afar by Nergalle

Skill      XL: |  1  2  3  4  5  6  7  8  9 10 11 12 |
---------------+-------------------------------------+-----
Fighting       | 6 7 8 9 10 11 13 14 16 18 | 18.5
Axes           | 4 6 7 8 9 10 12 13 15 17 18 | 18.2
Armour         | 3 5 6 8 9 10 12 13 15 17 18 | 18.0
Dodging        | 3 5 7 8 9 11 12 14 16 | 16.7

Action                   |  1- 3 |  4- 6 |  7- 9 | 10-12 || total
-------------------------+-------+-------+-------+-------++-------
Melee: Hand axe          |    15 |     6 |       |       ||    21
       Headbutt          |     4 |     2 |    12 |    54 ||    72
       Broad axe         |       |     7 |    54 |       ||    61
       Battleaxe         |       |       |       |   223 ||   223
Invok: Berserk           |     1 |       |     1 |     3 ||     5
       Trog's Hand       |       |       |     3 |     6 ||     9
       Brothers in Arms  |       |       |     1 |     2 ||     3
  Use: Potion            |     1 |       |       |     1 ||     2
  Eat: Ration            |       |       |     1 |     2 ||     3
       Chunk             |       |       |       |     2 ||     2
Armor: Animal skin       |     1 |     1 |       |       ||     2
       Chain mail        |       |     5 |    27 |    19 ||    51
       Plate armour      |       |       |       |    66 ||    66
Dodge: Dodged            |     3 |     3 |    45 |   102 ||   153
